Unix NetHack Version 5.0.0-0 post-release - last build Jun 10 2026 00:39:30 (3ee93aec679c4c4259841fe613dc97188e26a321,branch:main).

Game began 2026-06-11 16:39:59, ended 2026-06-11 16:48:03.

ArrBianca, neutral female human Healer

                                                           ---
                                                           |.
                                                           |.
                                                           +>
                                                           |.
                                                           |.
                                                            .




                                                   ##
                                      ----- ----- --i
                                      |...........f-@       #
                                      |.........*..|############
                                      .............          -.------.-----
                                      |...........           |............|
                                      ------------           |...........<|
                                                             --------------

ArrBianca the Empiric        St:8 Dx:11 Co:17 In:8 Wi:15 Ch:17  Neutral
Dlvl:4  $:1357 HP:0(26) Pw:13(18) AC:4  Xp:3 T:1369  Hungry  

Latest messages:
 You hit the homunculus.
 The homunculus bites!
 You miss the homunculus.
 The homunculus bites!
 You miss the homunculus.
 The homunculus just misses!
 You miss the homunculus.
 The homunculus bites!
 You miss the homunculus.
 The homunculus bites!
 You hit the homunculus.
 The homunculus bites!
 You are put to sleep by the homunculus!
 The homunculus bites!
 The homunculus just misses!
 You wake up.
 You hit the homunculus.
 The homunculus bites!
 You are put to sleep by the homunculus!
 The homunculus bites!
 The homunculus bites!
 The homunculus bites!
 The homunculus bites!
 The homunculus bites!
 The homunculus bites!
 The homunculus bites!
 The combat suddenly awakens you.
 You swap places with your kitten.
 The kitten misses the homunculus.
 The kitten misses it.
 The kitten bites the homunculus.
 The homunculus misses the kitten.
 The kitten misses it.
 In what direction?
 You feel better.
 You hit the homunculus.
 The homunculus bites!
 You are put to sleep by the homunculus!
 The homunculus bites!
 The homunculus bites!
 You wake up.
 You miss the homunculus.
 The homunculus bites!
 You are put to sleep by the homunculus!
 The homunculus bites!
 The homunculus bites!
 The homunculus bites!
 You die...
 Do you want your possessions identified? [ynq] (y)
 Do you want to see your attributes? [ynq] (y)

Inventory:
 Coins    ('$')
  $ - 1357 gold pieces
 Weapons  (')')
  C - 7 +0 darts
  B - 7 cursed -1 darts
  a - a +0 scalpel (weapon in right hand)
 Comestibles  ('%')
  k - 5 uncursed apples
  p - an uncursed food ration
 Wands    ('/')
  g - a wand of sleep (0:8)
 Tools    ('(')
  c - an uncursed stethoscope
 Rings    ('=')
  w - a cursed ring of polymorph
 Scrolls  ('?')
  q - a cursed scroll of destroy armor
  r - an uncursed scroll of enchant weapon
  z - an uncursed scroll of identify
  l - an uncursed scroll of light
 Potions  ('!')
  f - 4 uncursed potions of extra healing
  e - a blessed potion of healing
  d - 3 uncursed potions of healing
  F - an uncursed potion of object detection
  D - an uncursed potion of speed
 Armor    ('[')
  v - a blessed +3 orcish helm (being worn)
  b - an uncursed +1 pair of leather gloves (being worn)
 Spellbooks  ('+')
  y - an uncursed spellbook of detect monsters
  i - a blessed spellbook of extra healing
  h - a blessed spellbook of healing
  A - an uncursed spellbook of light
  j - a blessed spellbook of stone to flesh
 Gems/Stones  ('*')
  s - an uncursed worthless piece of green glass
  t - an uncursed worthless piece of orange glass

ArrBianca the Healer's attributes:

Background:
 You were an Empiric, a level 3 female human Healer.
 You were neutral, on a mission for Hermes
 who was opposed by Athena (lawful) and Poseidon (chaotic).
 You were right-handed.
 You were in the Dungeons of Doom, on level 4.
 You entered the dungeon 1369 turns ago.
 You had 46 experience points, 34 more were needed to attain level 4.

Basics:
 You had 0 out of 26 hit points.
 You had 13 out of 18 energy points (spell power).
 Your armor class was 4.
 Your wallet contained 1357 zorkmids.
 Autopickup was on for '$?!/="+%' plus thrown, with exceptions.

Final Characteristics:
 Your strength was 8 (limit:18/100).
 Your dexterity was 11 (limit:18).
 Your constitution was 17 (limit:18).
 Your intelligence was 8 (limit:18).
 Your wisdom was 15 (limit:18).
 Your charisma was 17 (limit:18).

Final Status:
 You were hungry.
 You were unencumbered.
 You were wielding a knife.
 You had basic skill with knife.

Final Attributes:
 You were devoutly aligned.
 You were poison resistant.
 You are dead.

Miscellaneous:
 You didn't encounter any bones levels.
 Total elapsed playing time was 8 minutes and 4 seconds.

Major events:
 Turn
    1: ArrBianca the neutral female human Healer entered the dungeon
 1237: attained the rank of Empiric (level 3)
 1369: killed by a homunculus, while sleeping

Spells:
 Name                 Level Category     Fail Retention
 healing                1   healing        0%  91%-100%
 extra healing          3   healing       17%  91%-100%
 stone to flesh         3   healing       36%  91%-100%

Skills:
 Fighting Skills
   bare handed combat [Unskilled]
 Weapon Skills
   dagger             [Unskilled]
   knife              [Basic]
   short sword        [Unskilled]
   saber              [Unskilled]
   club               [Unskilled]
   mace               [Unskilled]
   quarterstaff       [Unskilled]
   polearms           [Unskilled]
   spear              [Unskilled]
   trident            [Unskilled]
   sling              [Unskilled]
   dart               [Unskilled]
   shuriken           [Unskilled]
   unicorn horn       [Unskilled]
 Spellcasting Skills
   healing spells     [Basic]

Voluntary challenges:
 Character rerolling was not enabled.
 You were illiterate.
 You never genocided any monsters.
 You never polymorphed an object.
 You never changed form.
 You used no wishes.
Achievement:
 You attained the rank of Empiric.

 The Dungeons of Doom: levels 1 to 4
    Level 1:
       A fountain.
    Level 2:
       A fountain.
    Level 3:
       Many altars, many fountains.
    Level 4: <- You were here.
       Final resting place for
          you, killed by a homunculus, while sleeping.


Vanquished creatures:
 an acid blob
  a yellow mold
  2 geckos
  2 jackals
  3 foxes
  a kobold
  2 goblins
  2 sewer rats
  a lichen
  2 kobold zombies
  6 newts
23 creatures vanquished.

No species were genocided or became extinct.

Game over:
                       ----------
                      /          \
                     /    REST    \
                    /      IN      \
                   /     PEACE      \
                  /                  \
                  |    ArrBianca     |
                  |     1357 Au      |
                  |   killed by a    |
                  |    homunculus    |
                  |                  |
                  |                  |
                  |       2026       |
                 *|     *  *  *      | *
        _________)/\\_//(\/(/\)/\//\/|_)_______

Goodbye ArrBianca the Healer...

You died in The Dungeons of Doom on dungeon level 4 with 373 points,
and 1357 pieces of gold, after 1369 moves.
You were level 3 with a maximum of 26 hit points when you died.

